 Dungeon Crawl Stone Soup version 0.30-a0-739-gea05faddec (webtiles) character file.

Game seed: 11449953813983453741

30 epen the Vexing (level 3, 0/25 HPs)
             Began as a Gnoll Wanderer on Feb 4, 2023.
             Constricted to death by a ball python (1 damage)
             ... on level 2 of the Dungeon.
             The game lasted 00:01:07 (903 turns).

epen the Vexing (Gnoll Wanderer)                     Turns: 903, Time: 00:01:07

Health: 0/25       AC:  2    Str:  6 (8)  XL:     3   Next: 20%
Magic:  7/7        EV:  8    Int: 10 (13) God:
Gold:   33         SH:  0    Dex: 12 (14) Spells: 6/7 levels left

rFire   . . .      SeeInvis .    a - +0 quarterstaff
rCold   . . .      Faith    .    (shield currently unavailable)
rNeg    . . .      Spirit   .    d - +0 robe
rPois   .          Reflect  .    (no helmet)
rElec   .          Harm     .    (no cloak)
rCorr   .          Rampage  .    (no gloves)
Will    .....                    (no boots)
Stlth   +                        (no amulet)
HPRegen 0.24/turn                (no ring)
MPRegen 0.10/turn                (no ring)

@: constricted
A: fangs 1, strong nose, distributed training
a: no special abilities


You were on level 2 of the Dungeon.
You visited 1 branch of the dungeon, and saw 2 of its levels.

You collected 33 gold pieces.

Inventory:

Hand Weapons
 a - a +0 quarterstaff (weapon)
Armour
 d - a +0 robe (worn)
Wands
 b - a wand of polymorph (7)
Scrolls
 c - a scroll of fear
 h - a scroll of teleportation {unknown}
 i - a scroll of identify {unknown}
Potions
 f - 2 potions of curing {unknown}
 g - a potion of ambrosia {unknown}
 j - a potion of magic {unknown}


   Skills:
 + Level 0.7 Fighting
 + Level 0.7 Short Blades
 + Level 0.7 Long Blades
 + Level 0.7 Axes
 + Level 0.7 Maces & Flails
 + Level 0.7 Polearms
 + Level 4.5 Staves
 + Level 0.7 Ranged Weapons
 + Level 2.6 Throwing
 + Level 2.6 Armour
 + Level 0.7 Dodging
 + Level 0.7 Stealth
 + Level 0.7 Shields
 + Level 0.7 Unarmed Combat
 + Level 2.8 Spellcasting
 + Level 0.5 Conjurations
 + Level 7.1 Hexes
 + Level 0.5 Summonings
 + Level 0.5 Necromancy
 + Level 0.5 Translocations
 + Level 0.5 Transmutations
 + Level 0.5 Fire Magic
 + Level 0.5 Ice Magic
 + Level 0.5 Air Magic
 + Level 0.5 Earth Magic
 + Level 0.5 Poison Magic
 + Level 0.9 Invocations
 + Level 2.6 Evocations


You had 6 spell levels left.
You knew the following spells:

 Your Spells              Type           Power      Damage    Failure   Level
a - Slow                  Hex            60%        N/A       1%          1

Your spell library contained the following spells:

 Spells                   Type           Power      Damage    Failure   Level
 Cause Fear               Hex            7%         N/A       16%         4
 Inner Flame              Hex/Fire       9%         N/A       19%         3
 Summon Guardian Golem    Hex/Summ       9%         N/A       19%         3
 Summon Small Mammal      Summ           8%         N/A       24%         1
 Call Canine Familiar     Summ           2%         N/A       56%         3


Dungeon Overview and Level Annotations

Branches:
Dungeon (2/15)

Altars:


Innate Abilities, Weirdness & Mutations

You have very sharp teeth.
Your uncanny sense of smell can sniff out nearby items.
Your experience applies equally to all skills.


Message History

There is a stone staircase leading down here.
You climb downwards.
There is a stone staircase leading up here.
An endoplasm and an adder come into view.
There are monsters nearby!
A ball python comes into view.
Found 8 gold pieces.
The endoplasm quivers.
The adder hisses angrily.
The ball python hisses angrily.
The adder barely misses you. The endoplasm freezes you.
You are frozen.
You hit the adder but do no damage. The adder closely misses you.
The endoplasm freezes you.
You are frozen.
You miss the adder. The adder bites you.
The adder bites you but does no damage. The endoplasm freezes you.
You are frozen.
You hit the adder but do no damage. The adder barely misses you.
The endoplasm freezes you.
You are frozen.
You are too injured to fight recklessly!
You hit the adder but do no damage. The adder bites you but does no damage.
The endoplasm freezes you.
You are frozen.
The adder bites you but does no damage.
The ball python bites you but does no damage.
The ball python grabs you. The ball python constricts you.
It was a potion of degeneration.
There was something very wrong with that liquid.
You feel weakened.
You feel dopey.
You feel clumsy. The adder bites you.
* * * LOW HITPOINT WARNING * * *
The endoplasm hits you.
* * * LOW HITPOINT WARNING * * *
The ball python bites you.
* * * LOW HITPOINT WARNING * * *
The ball python constricts you.
You die...

###### #....#
#....# #....#
#SJ..# #@...#
##########S...#
#<...........$#
##########!###....
#.# ... #.# .$ ...
. ... ....∆


You could see an adder, an endoplasm and a ball python.

Vanquished Creatures
  A dart slug (D:1)
  3 ball pythons (D:1)
  6 bats (D:1)
  2 endoplasms (D:1)
  4 giant cockroaches (D:1)
  A goblin (D:1)
  6 kobolds (D:1)
  A quokka (D:1)
  2 frilled lizards (D:1)
26 creatures vanquished.

Notes
Turn   | Place    | Note
-------+----------+-------------------------------------------
     0 | D:1      | epen the Gnoll Wanderer began the quest for the Orb.
     0 | D:1      | epen set off with the following items: a +0 quarterstaff, a
                  | wand of polymorph (7), a scroll of fear, a +0 robe; and the
                  | following spell memorised: Slow; and the following spells
                  | available to memorise: Cause Fear, Inner Flame.
     0 | D:1      | Reached XP level 1. HP: 13/13 MP: 4/4
   206 | D:1      | Reached XP level 2. HP: 19/19 MP: 5/5
   485 | D:1      | Reached XP level 3. HP: 11/25 MP: 7/7
   903 | D:2      | HP: 1/25 [ball python (2)]
   903 | D:2      | Constricted to death by a ball python

Illustrated notes

Levels and vault maps discovered:
D:1:      ncdulo_wetmaze, layout_loops_ring, st_stairs_3, minmay_heptomino_w4
D:2:      layout_basic, minmay_misc_feat_diagonals

Action                     || total
---------------------------++-------
  Melee: Quarterstaff      ||    61
    Use: Potion            ||     1
   Stab: Sleeping          ||     2
 Armour: Robe              ||    20
  Dodge: Dodged            ||    46

Table legend: (Time is in decaauts)
 A = Elapsed time spent in this place.
 B = Non-inter-level travel time spent in this place.
 C = Inter-level travel time spent in this place.
 D = Time resting spent in this place.
 E = Time spent auto-exploring this place.
 F = Levels seen in this place.
 G = Mean time per level.
                   A        B        C        D        E       F      G
               +--------+--------+--------+--------+--------+-----+--------+
         Total |    914 |    868 |     46 |     77 |    642 |   2 |  457.0 |
       Dungeon |    914 |    868 |     46 |     77 |    642 |   2 |  457.0 |
               +--------+--------+--------+--------+--------+-----+--------+

Top non-repeatable levels by time:
     D:1: 899 daAuts
     D:2: 15 daAuts
